 Dungeon Crawl Stone Soup version 0.29-a0-2-g12fcac58f8 (webtiles) character file.

Game seed: 6062982733657795883

627 testman the Skirmisher (level 7, 0/58 HPs)
             Began as a Demonspawn Monk on Jan 26, 2022.
             Was an Elder of Lugonu.
             Slain by a lemure (5 damage)
             ... led by Pikel
             ... while paralysed by Pikel
             ... on level 4 of the Dungeon.
             The game lasted 00:12:19 (4922 turns).

testman the Skirmisher (Demonspawn Monk)            Turns: 4922, Time: 00:12:19

Health: 0/58       AC:  4    Str: 14    XL:     7   Next: 23%
Magic:  11/11      EV:  2    Int: 15    God:    Lugonu [****..]
Gold:   157        SH:  0    Dex: 15    Spells: 6/6 levels left

rFire   . . .      SeeInvis .   n - +8 dagger of Oqius {drain, Int+4}
rCold   . . .      Faith    .   (no shield)
rNeg    . . .      Spirit   .   b - +0 robe
rPois   .          Reflect  .   (no helmet)
rElec   .          Harm     .   r - +0 cloak
rCorr   .          Rampage  .   (no gloves)
Will    .....                   q - +0 pair of boots
Stlth   ++........              (no amulet)
HPRegen 0.19/turn               (no ring)
MPRegen 0.12/turn               (no ring)

@: paralysed
A: hooves 1, condensation shield
a: Renounce Religion, Depart the Abyss, Bend Space, Banish, Corrupt


You were on level 4 of the Dungeon.
You worshipped Lugonu.
Lugonu was greatly pleased with you.
You visited 1 branch of the dungeon, and saw 4 of its levels.

You collected 183 gold pieces.
You spent 26 gold pieces at shops.

Inventory:

Hand Weapons
 a - a +0 short sword
 c - a +0 hunting sling
 n - the +8 dagger of Oqius (weapon) {drain, Int+4}
   (You found it on level 2 of the Dungeon)

   A truly terrible weapon, it drains the life of any living foe it strikes.
   Int:       It affects your intelligence (+4).
Missiles
 e - 116 stones
 l - 4 boomerangs (quivered)
 s - 3 javelins
 y - 6 poisoned darts
Armour
 b - a +0 robe (worn)
 q - a +0 pair of boots (worn)
 r - a +0 cloak (worn)
Jewellery
 p - an amulet of faith
 A - a ring of fire
Scrolls
 h - 2 scrolls of teleportation
 k - a scroll of blinking {unknown}
 m - a scroll of fog {unknown}
 o - a scroll of enchant weapon {unknown}
 u - a scroll of immolation {unknown}
 v - a scroll of holy word {unknown}
 z - a scroll of noise {unknown}
Potions
 d - a potion of attraction
 f - 2 potions of lignification
 g - 2 potions of flight
 i - 2 potions of invisibility
 j - 4 potions of curing
 t - a potion of haste
 w - a potion of might {unknown}
 x - a potion of brilliance {unknown}
 B - a potion of mutation {unknown}


   Skills:
 + Level 6.0 Fighting
 + Level 4.4 Short Blades
 - Level 2.6 Dodging
 - Level 1.7 Stealth
 + Level 5.5 Invocations


You had 6 spell levels left.
You didn't know any spells.
Your spell library contained the following spells:

 Spells                   Type           Power      Damage    Failure   Level
 Dazzling Flash           Conj/Hex       0%         N/A       63%         3
 Iskenderun's Mystic Bla  Conj/Tloc      0%         2d3       95%         4
 Starburst                Conj/Fire      0%         6d3       100%        6


Dungeon Overview and Level Annotations

Branches:
Dungeon (4/15)
 Temple: D:4-7

Altars:
Lugonu

Shops:
D:3 ?

Annotations:
D:4 Pikel


Innate Abilities, Weirdness & Mutations

You have large cloven feet.
A meltable shield of frost defends you. (SH +4)


Message History

Things that are here:
a +0 dagger; a +0 robe
B - a lumpy blue potion You now have 157 gold pieces (gained 11).
A lemure comes into view.
The lemure shouts!
You hear a shout!
A lemure comes into view.
Pikel, Merchant of Souls comes into view.
He is wielding a +2 whip of electrocution and carrying a wand of paralysis (11).
A lemure comes into view.
The lemure barely misses you.
You hit the lemure.
The lemure is lightly wounded.
The lemure closely misses you. The lemure hits you!
The lemure closely misses you. The lemure hits you but does no damage.
Pikel zaps a wand.
You resist with some effort.
You closely miss Pikel. The lemure hits you.
Pikel hits you with a +2 whip of electrocution.
You closely miss Pikel. The lemure hits you but does no damage.
You closely miss Pikel. The lemure hits you but does no damage.
Pikel hits you with a +2 whip of electrocution.
You are electrocuted!
You block the lemure's attack. The lemure hits you!
You hit Pikel but do no damage. The lemure misses you.
A lemure comes into view.
You block Pikel's attack. The lemure hits you but does no damage.
The lemure hits you.
* * * LOW HITPOINT WARNING * * *
The lemure shouts!
You hit Pikel but do no damage. You drain Pikel.
Pikel is lightly wounded.
The lemure hits you.
* * * LOW HITPOINT WARNING * * *
Pikel zaps a wand.
You suddenly lose the ability to move!
The lemure hits you but does no damage. The lemure barely misses you.
The lemure hits you but does no damage.
Pikel hits you with a +2 whip of electrocution.
* * * LOW HITPOINT WARNING * * *
The lemure hits you but does no damage. The lemure hits you but does no damage.
The lemure hits you.
You die...

# ##. #.. ##.# #5K##
##############.5@####.#
...............55.....#
.....................##
##.............#######
###....###...##
##..........#
##...........#
##............#
#...####......# #####


You could see Pikel (drained) and 4 lemures.

Vanquished Creatures
  Eustachio (D:4)
  A kobold brigand (D:4)
  2 orc priests (D:3)
  Crazy Yiuf (D:3)
  7 orc wizards
  Terence (D:2)
  5 adders
  2 adder skeletons (D:4)
  2 worms
  A dart slug (D:1)
  8 orcs
  7 bats
  7 endoplasms
  3 giant cockroaches
  3 goblins
  5 hobgoblins
  4 jackals (D:1)
  13 kobolds
  4 quokkas
  10 ball pythons
  4 frilled lizards
  7 rats
98 creatures vanquished.

Notes
Turn   | Place    | Note
-------+----------+-------------------------------------------
     0 | D:1      | testman the Demonspawn Monk began the quest for the Orb.
     0 | D:1      | Reached XP level 1. HP: 18/18 MP: 1/1
   338 | D:1      | Gained mutation: You have large cloven feet. [demonic
                  | ancestry]
   338 | D:1      | Reached XP level 2. HP: 9/24 MP: 2/2
   623 | D:1      | Found a faded altar of an unknown god.
   634 | D:1      | Prayed at the altar of an unknown god.
   634 | D:1      | Became a worshipper of Lugonu the Unformed
   634 | D:1      | Reached * piety under Lugonu
   634 | D:1      | Reached ** piety under Lugonu
   634 | D:1      | Reached *** piety under Lugonu
   771 | D:1      | Reached skill level 4 in Fighting
   930 | D:1      | Reached XP level 3. HP: 26/30 MP: 3/3
  1426 | D:2      | Noticed Terence
  1428 | D:2      | Identified the +8 dagger of Oqius {drain, Int+4}
  1442 | D:2      | Killed Terence
  1443 | D:2      | Reached skill level 1 in Invocations
  1452 | D:2      | Reached XP level 4. HP: 33/38 MP: 3/5
  1882 | D:2      | Reached **** piety under Lugonu
  2280 | D:3      | Found a runed translucent door.
  2281 | D:3      | Noticed Crazy Yiuf
  2289 | D:3      | Killed Crazy Yiuf
  2290 | D:3      | Gained mutation: A meltable shield of frost defends you.
                  | (SH +4) [demonic ancestry]
  2290 | D:3      | Reached XP level 5. HP: 36/43 MP: 7/7
  2490 | D:3      | Reached skill level 5 in Fighting
  2727 | D:3      | Found Fuxooproptu's Magic Scroll Boutique.
  2740 | D:3      | Bought a scroll of identify for 26 gold pieces
  3361 | D:4      | Noticed Eustachio
  3369 | D:4      | Killed Eustachio
  3370 | D:4      | Reached XP level 6. HP: 29/51 MP: 9/9
  3772 | D:4      | Reached skill level 5 in Invocations
  4033 | D:4      | Reached XP level 7. HP: 48/57 MP: 10/10
  4604 | D:4      | Reached skill level 6 in Fighting
  4910 | D:4      | Noticed Pikel
  4920 | D:4      | Paralysed by Pikel for 5 turns
  4922 | D:4      | Slain by a lemure

Illustrated notes

Levels and vault maps discovered:
D:1:      dpeg_arrival_concentric_ovals, layout_basic,
          dilly_ecumenical_altar_fadedgnrine, grunt_decor_cap
D:2:      layout_basic, dk_noncrumbling_2, solitary_fountain, minivault_25,
          uniq_terence
D:3:      layout_loops_corners, serial_shops,
          nicolae_shop_temple_entry_statues_fountains, uniq_crazy_yiuf_cottage
D:4:      cheibrodos_thug_alley, layout_layer_cave,
          kennysheep_decorative_pillar, minmay_stone_trees_large,
          minmay_a_box_with_orc_wizards_in_it, uniq_eustachio, uniq_pikel

Skill      XL: |  1  2  3  4  5  6  7 |
---------------+----------------------+-----
Fighting       | 4 5 6 |  6.0
Invocations    | 2 3 4 5 |  5.5
Short Blades   | 3 4 |  4.4
Dodging        | |  2.6
Stealth        | |  1.7

Action                   |  1- 3 |  4- 6 |  7- 9 || total
-------------------------+-------+-------+-------++-------
Melee: Short sword       |    77 |       |       ||    77
       Punch             |     1 |     1 |       ||     2
       Kick              |    12 |     5 |       ||    17
       Dagger            |    11 |   130 |    33 ||   174
Throw: Stone             |     2 |       |       ||     2
       Boomerang         |     2 |       |       ||     2
  Use: Scroll            |       |     7 |       ||     7
 Stab: Sleeping          |     5 |     4 |       ||     9
Armor: Robe              |    10 |    17 |    13 ||    40
Dodge: Dodged            |    52 |    62 |    10 ||   124
Block: Other             |       |    16 |     3 ||    19

Table legend: (Time is in decaauts)
 A = Elapsed time spent in this place.
 B = Non-inter-level travel time spent in this place.
 C = Inter-level travel time spent in this place.
 D = Time resting spent in this place.
 E = Time spent auto-exploring this place.
 F = Levels seen in this place.
 G = Mean time per level.
                   A        B        C        D        E       F      G
               +--------+--------+--------+--------+--------+-----+--------+
         Total |   4888 |   4756 |    132 |    783 |   3260 |   4 | 1222.0 |
       Dungeon |   4888 |   4756 |    132 |    783 |   3260 |   4 | 1222.0 |
               +--------+--------+--------+--------+--------+-----+--------+

Top non-repeatable levels by time:
     D:4: 1568 daAuts
     D:1: 1359 daAuts
     D:3: 1099 daAuts
     D:2: 860 daAuts
